ITL
RICHMOND FLAIRS @ BLUEVILLE 83'S
06/02/2028
 
TOP OF THE 1ST
Richmond Flairs batting - Pitching for Blueville 83's : LHP Jason Simpson
Pitching: LHP Jason Simpson
Batting: RHB Javier Rentería 0-0: SINGLE (Groundball, 13) (infield hit)
Batting: RHB Víctor Chávez 0-0: Ball
Javier Rentería is caught stealing 2nd base
1-0: Foul Ball, location: 2F
1-1: Fly out, F9 (Flyball, 9LSF)
Batting: RHB R.J. Crosby 0-0: Fly out, F9 (Flyball, 9)
Top of the 1st over - 0 run(s), 1 hit(s), 0 error(s), 0 left on base; Richmond 0 - Blueville 0
BOTTOM OF THE 1ST
Blueville 83's batting - Pitching for Richmond Flairs : RHP Chris Carpenter
Pitching: RHP Chris Carpenter
Batting: SHB Bob Noble 0-0: Called Strike
0-1: Ball
1-1: Called Strike
1-2: Strikes out looking
Batting: RHB Barney Lawson 0-0: Ball
1-0: Fly out, F7 (Flyball, 7)
Batting: RHB Tae-kwon Kwon 0-0: Ground out 6-3 (Groundball, 6)
Bottom of the 1st over - 0 run(s), 0 hit(s), 0 error(s), 0 left on base; Richmond 0 - Blueville 0
TOP OF THE 2ND
Richmond Flairs batting - Pitching for Blueville 83's : LHP Jason Simpson
Batting: LHB Roland Jones 0-0: Swinging Strike
0-1: Ball
1-1: Called Strike
1-2: Ball
2-2: Strikes out swinging
Batting: RHB Rafael Carreón 0-0: Swinging Strike
0-1: Foul Ball, location: 2F
0-2: Ball
1-2: Ground out 5-3 (Groundball, 56)
Batting: LHB Dave Gray 0-0: Foul Ball, location: 2F
0-1: Ball
1-1: Ground out 3-1 (Groundball, 34)
Top of the 2nd over - 0 run(s), 0 hit(s), 0 error(s), 0 left on base; Richmond 0 - Blueville 0
BOTTOM OF THE 2ND
Blueville 83's batting - Pitching for Richmond Flairs : RHP Chris Carpenter
Batting: LHB António Glaviz 0-0: Ball
1-0: Ball
2-0: Ball
3-0: Called Strike
3-1: Called Strike
3-2: Foul Ball, location: 2F
3-2: Base on Balls
Batting: LHB Ricardo Romero 0-0: Called Strike
0-1: Grounds into double play, 5-4-3 (Groundball, 56)
Batting: RHB Jimmy Simon 0-0: Ball
1-0: Ball
2-0: SOLO HOME RUN (Flyball, 8RXD), Distance : 444 ft
Batting: LHB Ron Robinson 0-0: Ball
1-0: Ball
2-0: Ball
3-0: Base on Balls
Batting: LHB Vincente Sáenz 0-0: Ball
1-0: Ball
2-0: Called Strike
2-1: Ball
3-1: Called Strike
3-2: DOUBLE (Line Drive, 9LD)
Ron Robinson to third
Ron Robinson scores
Batting: LHB Jacob Wright 0-0: Ball
1-0: Ball
2-0: Foul Ball, location: 2F
2-1: Foul Ball, location: 2F
2-2: Foul Ball, location: 2F
2-2: Ball
3-2: SINGLE (Flyball, 6MD)
Vincente Sáenz to third
Vincente Sáenz scores
Batting: SHB Bob Noble 0-0: Foul Ball, location: 2F
0-1: Ball
1-1: SINGLE (Flyball, 7S)
Jacob Wright to second
Batting: RHB Barney Lawson 0-0: Called Strike
0-1: Fly out, F6 (Popup, 6D)
Bottom of the 2nd over - 3 run(s), 4 hit(s), 0 error(s), 2 left on base; Richmond 0 - Blueville 3
TOP OF THE 3RD
Richmond Flairs batting - Pitching for Blueville 83's : LHP Jason Simpson
Batting: RHB Elliott Johnston 0-0: Called Strike
0-1: Ball
1-1: Ball
2-1: Swinging Strike
2-2: Ball
3-2: Strikes out looking
Batting: RHB Gary Thomas 0-0: Ball
1-0: SINGLE (Line Drive, 8RS)
Batting: LHB R.J. Courtney 0-0: Fly out, F8 (Flyball, 78XD)
Batting: RHB Javier Rentería 0-0: Fly out, F9 (Flyball, 9S)
Top of the 3rd over - 0 run(s), 1 hit(s), 0 error(s), 1 left on base; Richmond 0 - Blueville 3
BOTTOM OF THE 3RD
Blueville 83's batting - Pitching for Richmond Flairs : RHP Chris Carpenter
Batting: RHB Tae-kwon Kwon 0-0: Called Strike
0-1: DOUBLE (Flyball, 78D)
Batting: LHB António Glaviz 0-0: Called Strike
0-1: Called Strike
0-2: Strikes out swinging
Batting: LHB Ricardo Romero 0-0: Ball
Tae-kwon Kwon steals 3rd base
1-0: Ball
2-0: SINGLE (Line Drive, 34D)
Tae-kwon Kwon scores
Batting: RHB Jimmy Simon 0-0: Ball
1-0: Foul Ball, location: 2F
1-1: SINGLE (Groundball, 56D)
Ricardo Romero to second
Batting: LHB Ron Robinson 0-0: Called Strike
0-1: Ball
1-1: SINGLE (Groundball, 34D)
Ricardo Romero to third
Jimmy Simon to second
Runner from 3rd tries for Home, SAFE, no throw
Batting: LHB Vincente Sáenz 0-0: Foul Ball, location: 2F
0-1: Ball
1-1: SINGLE (Line Drive, 6M)
Jimmy Simon to third
Ron Robinson to second
Batting: LHB Jacob Wright 0-0: Called Strike
0-1: Ball
1-1: Ball
2-1: Ball
3-1: Base on Balls
Jimmy Simon scores
Ron Robinson to third
Vincente Sáenz to second
Pitching: LHP Orlando Díaz
Batting: SHB Bob Noble 0-0: Ball
1-0: Ball
2-0: Called Strike
2-1: Ball
3-1: SINGLE (Line Drive, 6MD)
Ron Robinson scores
Vincente Sáenz to third
Jacob Wright to second
Throwing error, E8
Vincente Sáenz scores
Jacob Wright to third
Bob Noble to second
Batting: RHB Barney Lawson 0-0: Ball
1-0: Ball
2-0: Foul Ball, location: 2F
2-1: Ball
3-1: Swinging Strike
3-2: Strikes out swinging
Batting: RHB Tae-kwon Kwon 0-0: Fly out, F4 (Popup, 4)
Bottom of the 3rd over - 5 run(s), 6 hit(s), 1 error(s), 2 left on base; Richmond 0 - Blueville 8
TOP OF THE 4TH
Richmond Flairs batting - Pitching for Blueville 83's : LHP Jason Simpson
Batting: RHB Víctor Chávez 0-0: Called Strike
0-1: Ball
1-1: Swinging Strike
1-2: Strikes out looking
Batting: RHB R.J. Crosby 0-0: Ball
1-0: SINGLE (Groundball, 34D)
Batting: LHB Roland Jones 0-0: Ball
1-0: Ball
2-0: Ball
3-0: Called Strike
3-1: Base on Balls
R.J. Crosby to second
Batting: RHB Rafael Carreón 0-0: Ball
1-0: Ball
2-0: Ball
3-0: Base on Balls
R.J. Crosby to third
Roland Jones to second
Batting: LHB Dave Gray 0-0: Swinging Strike
0-1: Ball
1-1: Swinging Strike
1-2: Foul Ball, location: 2F
1-2: Strikes out swinging
Batting: RHB Elliott Johnston 0-0: Ball
1-0: Swinging Strike
1-1: Fly out, F5 (Line Drive, 56)
Top of the 4th over - 0 run(s), 1 hit(s), 0 error(s), 3 left on base; Richmond 0 - Blueville 8
BOTTOM OF THE 4TH
Blueville 83's batting - Pitching for Richmond Flairs : LHP Orlando Díaz
Batting: LHB António Glaviz 0-0: Foul Ball, location: 2F
0-1: Ball
1-1: Ball
2-1: Fly out, F7 (Flyball, 78M)
Batting: LHB Ricardo Romero 0-0: Ball
1-0: Called Strike
1-1: Ball
2-1: Called Strike
2-2: Foul Ball, location: 2F
2-2: Strikes out swinging
Batting: RHB Jimmy Simon 0-0: Called Strike
0-1: Ball
1-1: Called Strike
1-2: Foul Ball, location: 2F
1-2: Ball
2-2: Strikes out swinging
Bottom of the 4th over - 0 run(s), 0 hit(s), 0 error(s), 0 left on base; Richmond 0 - Blueville 8
TOP OF THE 5TH
Richmond Flairs batting - Pitching for Blueville 83's : LHP Jason Simpson
Batting: RHB Gary Thomas 0-0: Ball
1-0: Fly out, F7 (Line Drive, 7)
Batting: LHB R.J. Courtney 0-0: Called Strike
0-1: Foul Ball, location: 2F
0-2: Ground out U3 (Groundball, 3)
Batting: RHB Javier Rentería 0-0: Ball
1-0: Ball
2-0: Ball
3-0: SINGLE (Groundball, 56D)
Batting: RHB Víctor Chávez 0-0: Called Strike
Pickoff Throw by Catcher to First - Error! E2
Javier Rentería to second
0-1: Ball
1-1: Ball
2-1: Called Strike
2-2: Ball
3-2: Ground out 1-3 (Groundball, P)
Top of the 5th over - 0 run(s), 1 hit(s), 1 error(s), 1 left on base; Richmond 0 - Blueville 8
BOTTOM OF THE 5TH
Blueville 83's batting - Pitching for Richmond Flairs : LHP Orlando Díaz
Batting: LHB Ron Robinson 0-0: Foul Ball, location: 2F
0-1: Foul Ball, location: 2F
0-2: Ball
1-2: Ball
2-2: Ball
3-2: Foul Ball, location: 2F
3-2: Base on Balls
Batting: LHB Vincente Sáenz 0-0: Foul Ball, location: 2F
0-1: Foul Ball, location: 2F
0-2: Foul Ball, location: 2F
0-2: Strikes out swinging
Batting: LHB Jacob Wright 0-0: Called Strike
0-1: Swinging Strike
0-2: Ball
1-2: Foul Ball, location: 2F
1-2: Strikes out swinging
Batting: SHB Bob Noble 0-0: Ball
1-0: Ball
2-0: Called Strike
2-1: SINGLE (Groundball, 34D)
Ron Robinson to second
Runner from 2nd tries for 3rd, SAFE, throw made to third
Bob Noble to second
Batting: RHB Barney Lawson 0-0: Ball
1-0: Called Strike
1-1: Swinging Strike
1-2: Ball
2-2: Ground out 5-3 (Groundball, 56)
Bottom of the 5th over - 0 run(s), 1 hit(s), 0 error(s), 2 left on base; Richmond 0 - Blueville 8
TOP OF THE 6TH
Richmond Flairs batting - Pitching for Blueville 83's : LHP Jason Simpson
Batting: RHB R.J. Crosby 0-0: Called Strike
0-1: Ball
1-1: Swinging Strike
1-2: Foul Ball, location: 2F
1-2: Fly out, F6 (Popup, 6M)
Batting: LHB Roland Jones 0-0: Ball
1-0: Swinging Strike
1-1: Ball
2-1: Ball
3-1: SINGLE (Flyball, 4MD)
Pitching: RHP Roberto Ledesma
Batting: RHB Rafael Carreón 0-0: Ball
1-0: Foul Ball, location: 2F
1-1: Foul Ball, location: 2F
1-2: Foul Ball, location: 2F
1-2: Ball
2-2: Foul Ball, location: 2F
2-2: Ball
3-2: Fly out, F7 (Flyball, 78XD)
Batting: LHB Dave Gray 0-0: Called Strike
Roland Jones steals 2nd base
0-1: Ball
1-1: Ball
2-1: Ball
3-1: Called Strike
3-2: Foul Ball, location: 2F
3-2: Base on Balls
Batting: RHB Elliott Johnston 0-0: Ball
1-0: Foul Ball, location: 2F
1-1: Called Strike
1-2: Foul Ball, location: 2F
1-2: Foul Ball, location: 2F
1-2: Foul Ball, location: 2F
1-2: Strikes out looking
Top of the 6th over - 0 run(s), 1 hit(s), 0 error(s), 2 left on base; Richmond 0 - Blueville 8
BOTTOM OF THE 6TH
Blueville 83's batting - Pitching for Richmond Flairs : LHP Orlando Díaz
Pitching: LHP Salvador Rodríguez
Batting: RHB Tae-kwon Kwon 0-0: Ball
1-0: Called Strike
1-1: Ground out 4-3 (Groundball, 4)
Batting: LHB António Glaviz 0-0: Ball
1-0: Called Strike
1-1: Ball
2-1: Ball
3-1: Fly out, F7 (Line Drive, 7S)
Batting: LHB Ricardo Romero 0-0: Ball
1-0: Ball
2-0: Ground out 1-3 (Groundball, P)
Bottom of the 6th over - 0 run(s), 0 hit(s), 0 error(s), 0 left on base; Richmond 0 - Blueville 8
TOP OF THE 7TH
Richmond Flairs batting - Pitching for Blueville 83's : RHP Roberto Ledesma
Batting: RHB Gary Thomas 0-0: Foul Ball, location: 2F
0-1: Called Strike
0-2: Ball
1-2: Strikes out swinging
Batting: LHB R.J. Courtney 0-0: Ball
1-0: Ball
2-0: Ball
3-0: Called Strike
3-1: Called Strike
3-2: Foul Ball, location: 2F
3-2: Base on Balls
Batting: RHB Javier Rentería 0-0: Called Strike
0-1: Foul Ball, location: 2F
0-2: Ball
1-2: Fly out, F9 (Flyball, 9LSF)
Batting: RHB Víctor Chávez 0-0: Called Strike
0-1: Ball
1-1: Foul Ball, location: 2F
1-2: Ball
2-2: Ground out U3 (Groundball, 34)
Top of the 7th over - 0 run(s), 0 hit(s), 0 error(s), 1 left on base; Richmond 0 - Blueville 8
BOTTOM OF THE 7TH
Blueville 83's batting - Pitching for Richmond Flairs : LHP Salvador Rodríguez
Batting: RHB Jimmy Simon 0-0: Ball
1-0: Fly out, F5 (Popup, 56)
Batting: LHB Ron Robinson 0-0: Ground out 6-3 (Groundball, 6)
Batting: LHB Vincente Sáenz 0-0: Ball
1-0: Ball
2-0: Called Strike
2-1: Ball
3-1: Foul Ball, location: 2F
3-2: Foul Ball, location: 2F
3-2: Base on Balls
Batting: LHB Jacob Wright 0-0: Called Strike
0-1: Called Strike
0-2: Ball
1-2: Ball
2-2: Foul Ball, location: 2F
2-2: Ball
3-2: Fly out, F7 (Line Drive, 7)
Bottom of the 7th over - 0 run(s), 0 hit(s), 0 error(s), 1 left on base; Richmond 0 - Blueville 8
TOP OF THE 8TH
Richmond Flairs batting - Pitching for Blueville 83's : RHP Roberto Ledesma
Batting: RHB R.J. Crosby 0-0: Foul Ball, location: 2F
0-1: Ball
1-1: Ball
2-1: Ground out 6-3 (Groundball, 6)
Batting: LHB Roland Jones 0-0: Swinging Strike
0-1: Fly out, F5 (Line Drive, 5S)
Batting: RHB Rafael Carreón 0-0: Foul Ball, location: 2F
0-1: Called Strike
0-2: Ball
1-2: Foul Ball, location: 2F
1-2: Ball
2-2: Ball
3-2: Strikes out swinging
Top of the 8th over - 0 run(s), 0 hit(s), 0 error(s), 0 left on base; Richmond 0 - Blueville 8
BOTTOM OF THE 8TH
Blueville 83's batting - Pitching for Richmond Flairs : LHP Salvador Rodríguez
Batting: SHB Bob Noble 0-0: SINGLE (Groundball, 6D)
Batting: RHB Barney Lawson 0-0: Foul Ball, location: 2F
0-1: SINGLE (Groundball, 56D)
Bob Noble to second
Batting: RHB Tae-kwon Kwon 0-0: Called Strike
0-1: Ball
1-1: Ball
2-1: Ball
3-1: Swinging Strike
3-2: Base on Balls
Bob Noble to third
Barney Lawson to second
Batting: LHB António Glaviz 0-0: Ball
1-0: Foul Ball, location: 2F
1-1: DOUBLE (Line Drive, 3D)
Bob Noble scores
Barney Lawson scores
Tae-kwon Kwon to third
Batting: LHB Ricardo Romero 0-0: Ball
Wild Pitch!
Tae-kwon Kwon scores
António Glaviz to third
1-0: Called Strike
1-1: Ball
2-1: Ball
3-1: Foul Ball, location: 2F
3-2: Foul Ball, location: 2F
3-2: Strikes out swinging
Pitching: RHP Lorenzo Ramos
Batting: RHB Jimmy Simon 0-0: Called Strike
0-1: SINGLE (Groundball, 34D)
António Glaviz scores
Batting: LHB Ron Robinson 0-0: Ball
1-0: Ball
2-0: Ball
3-0: Called Strike
3-1: SINGLE (Flyball, 89S)
Jimmy Simon to second
Runner from 2nd tries for 3rd, SAFE, throw made to third
Batting: LHB Vincente Sáenz 0-0: Grounds into double play, 4-6-3 (Groundball, 4)
Bottom of the 8th over - 4 run(s), 5 hit(s), 0 error(s), 1 left on base; Richmond 0 - Blueville 12
TOP OF THE 9TH
Richmond Flairs batting - Pitching for Blueville 83's : RHP Roberto Ledesma
Pitching: RHP José Ruíz
Pinch Hitting: LHB Sean Nicks 0-0: SINGLE (Groundball, 34S) (infield hit)
Batting: RHB Elliott Johnston 0-0: Called Strike
0-1: Ball
1-1: Grounds into double play, 6-4-3 (Groundball, 6)
Pinch Hitting: RHB Mario López 0-0: Fly out, F7 (Flyball, 7)
Top of the 9th over - 0 run(s), 1 hit(s), 0 error(s), 0 left on base; Richmond 0 - Blueville 12
Tuesday, August 8th, 2017 - OOTP Baseball 17.12 Build 75